 Dungeon Crawl Stone Soup version 0.24.1-14-gf8d2b509d9 (webtiles) character file.

Game seed: 17269455997110331772, levelgen mode: deterministic

41 Kettenhund12 the Skirmisher (level 3, 0/24 HPs)
             Began as a Gargoyle Fighter on May 21, 2020.
             Slain by a gnoll
             ... wielding a +0 flail
              (3 damage)
             ... on level 2 of the Dungeon.
             The game lasted 00:18:09 (1860 turns).

Kettenhund12 the Skirmisher (Gargoyle Fighter)      Turns: 1860, Time: 00:18:09

Health: 0/24       AC: 10    Str: 20    XL:     3   Next: 52%
Magic:  3/3        EV:  7    Int:  8    God:
Gold:   52         SH:  9    Dex:  9    Spells: 2/2 levels left

rFire    . . .     SeeInvis .   a - +0 long sword
rCold    . . .     Gourm    .   c - +0 shield
rNeg     + . .     Faith    .   b - +0 scale mail
rPois    ∞         Spirit   .   (no helmet)
rElec    +         Reflect  .   (no cloak)
rCorr    .         Harm     .   (no gloves)
MR       .....                  (no boots)
Stlth    ..........             (no amulet)
HPRegen  0.08/turn              (no ring)
MPRegen  0.08/turn              (no ring)

@: no status effects
A: negative energy resistance 1, electricity resistance, unbreathing,
petrification resistance, rot immunity, AC +3
a: no special abilities


You were on level 2 of the Dungeon.
You were completely stuffed.

You visited 1 branch of the dungeon, and saw 2 of its levels.

You collected 52 gold pieces.

Inventory:

Hand Weapons
 a - a +0 long sword (weapon)
 h - a +0 hand axe
 i - a +0 whip
 k - a +0 club
 n - a cursed -1 club
Missiles
 q - 29 stones (quivered)
Armour
 b - a +0 scale mail (worn)
 c - a +0 shield (worn)
 r - a +0 leather armour
 t - a +0 robe
Scrolls
 d - a scroll of fear {unknown}
 e - 3 scrolls of identify {unknown}
 l - a scroll of noise {unknown}
 m - a scroll of amnesia {unknown}
 o - a scroll of teleportation {unknown}
 p - 2 scrolls of remove curse {unknown}
 s - a scroll of enchant weapon {unknown}
Potions
 g - a potion of haste {unknown}
 j - a potion of curing {unknown}


   Skills:
 + Level 3.8 Fighting
 + Level 2.1 Long Blades
 + Level 1.0 Axes
 + Level 3.6 Armour
 + Level 3.5 Shields


You had 2 spell levels left.
You didn't know any spells.
Your spell library was empty.

Dungeon Overview and Level Annotations

Branches:
Dungeon (2/15)

Altars:


Innate Abilities, Weirdness & Mutations

You are resistant to torment.
Your stone body is resilient. (AC +3)
You are immune to poison.
You resist negative energy. (rN+)
You are resistant to electric shocks. (rElec)
You can survive without breathing.
You are immune to petrification.
You are immune to rotting.


Message History

A rat comes into view.
You barely miss the rat. The rat bites you but does no damage.
You block the gnoll's attack. You block the rat's attack.
You closely miss the rat. The rat barely misses you.
The gnoll hits you but does no damage.
You slash the rat!
You kill the rat!
You block the gnoll's attack.
An adder comes into view.
The adder hisses angrily.
You see here a rat corpse.
You slash the adder!
The adder is severely wounded.
The gnoll completely misses you.
You riposte.
You barely miss the gnoll. You block the adder's attack.
You closely miss the adder.
The adder is severely wounded.
You block the adder's attack. The gnoll barely misses you.
You block the adder's attack. The gnoll hits you with a +0 flail.
You die...

.. .# ..........#
.#
..........######.#
..........+ .....
..>...?.#
#...#####. .......
#.S....... #.g.#
#.@.#
#$l######gg.# ####
#..ggb..b...# ...#
#.#######...# ...#
#.# ##### ...# #.#
...# #.# ...# #.#
...####.#


You could see 2 gnolls, an adder and a bat.

Vanquished Creatures
  An adder (D:2)
  2 worms (D:2)
  3 dart slugs
  A leopard gecko (D:2)
  4 hobgoblins
  3 jackals (D:1)
  A ball python (D:2)
  A bat (D:2)
  2 frilled lizards
  A kobold (D:1)
  2 rats (D:2)
21 creatures vanquished.

Notes
Turn   | Place    | Note
-------+----------+-------------------------------------------
     0 | D:1      | Kettenhund12 the Gargoyle Fighter began the quest for the
                  | Orb.
     0 | D:1      | Reached XP level 1. HP: 14/14 MP: 1/1
   233 | D:1      | Reached XP level 2. HP: 18/19 MP: 2/2
  1581 | D:2      | Reached skill level 1 in Axes
  1581 | D:2      | Reached XP level 3. HP: 21/23 MP: 3/3
  1860 | D:2      | Slain by a gnoll

Levels and vault maps discovered:
D:1:      scummos_arrival_checkerplants, layout_basic
D:2:      layout_basic, nemelex_altar_shiori, first_ration

Skill      XL: |  1  2 |
---------------+-------+-----
Long Blades    | 2 |  2.1
Axes           | 1 |  1.0
Fighting       | |  3.8
Armour         | |  3.6
Shields        | |  3.5

Action                   || total
-------------------------++-------
Melee: Long sword        ||    69
       Hand axe          ||     7
  Use: Potion            ||     1
  Eat: Ration            ||     4
Armor: Scale mail        ||    57
Dodge: Dodged            ||    20
Block: Shield            ||    64
       Rpst.: Long sword ||     3
